 Dungeon Crawl Stone Soup version 0.24-a0-317-g5cb8de4 (webtiles) character file.

Game seed: 15967817928133306824

1581 MisterFreud the Ruffian (level 8, -3/70 HPs)
             Began as a Troll Hunter on May 16, 2019.
             Slain by an orc warrior
             ... wielding a +3 trident
              (16 damage)
             ... on level 6 of the Dungeon.
             The game lasted 00:07:10 (4218 turns).

MisterFreud the Ruffian (Troll Hunter)              Turns: 4218, Time: 00:07:11

Health: -3/70      AC:  6    Str: 28    XL:     8   Next: 60%
Magic:  7/7        EV: 12    Int:  7    God:
Gold:   292        SH:  0    Dex: 10    Spells: 7/7 levels left

rFire    . . .     SeeInvis .     - Unarmed
rCold    . . .     Gourm    +   (no shield)
rNeg     . . .     Faith    .   b - +0 robe
rPois    .         Spirit   .   (helmet restricted)
rElec    .         Reflect  .   (no cloak)
rCorr    .         Harm     .   (gloves unavailable)
MR       .....                  (boots unavailable)
Stlth    +.........             (no amulet)
HPRegen  0.61/turn              (no ring)
MPRegen  0.10/turn              (no ring)

@: mighty
A: large, unfitting armour, claws 3, fast metabolism 3, gourmand, regeneration
1, shaggy fur 1, tough skin 3
a: no special abilities


You were on level 6 of the Dungeon.
You were very full.

You visited 1 branch of the dungeon, and saw 7 of its levels.

You collected 292 gold pieces.

Inventory:

Missiles
 c - 4 large rocks (quivered)
 d - 2 throwing nets
 h - 106 stones
Armour
 b - a +0 robe (worn)
Wands
 p - a wand of enslavement (10)
 q - a wand of scattershot (6)
Scrolls
 i - a scroll of remove curse
 j - 3 scrolls of amnesia
 n - 5 scrolls of identify
 o - 2 scrolls of fear {unknown}
 s - a scroll of fog
Potions
 a - 3 potions of lignification
 g - 2 potions of haste
 k - 3 potions of curing
 l - a potion of brilliance
 m - a potion of might
 r - a potion of ambrosia
Comestibles
 f - 11 rations
 t - 5 chunks of flesh


   Skills:
 - Level 1.5 Fighting
 + Level 4.3 Throwing
 + Level 6.4 Dodging
 - Level 0.3 Stealth
 + Level 7.3 Unarmed Combat


You had 7 spell levels left.
You didn't know any spells.
Your spell library was empty.

Dungeon Overview and Level Annotations

Branches:
Dungeon (7/15)
 Temple: D:4-7

Altars:
Ashenzari
Dithmenos
Gozag
Hepliaklqana
Makhleb
Nemelex Xobeh
Okawaru
Trog
Uskayaw
Vehumet
The Shining One


Innate Abilities, Weirdness & Mutations

You are too large for most types of armour.
You have claws for hands.
Your metabolism is lightning-fast.
You like to eat raw meat.
Your natural rate of healing is unusually fast.
You are covered in fur. (AC +1)
You have extremely tough skin. (AC +3)


Message History

An orc priest comes into view. It is wielding a +0 falchion.
The orc wizard gestures wildly while chanting.
The orc wizard flickers and vanishes!
Deactivating autopickup; reactivate with Ctrl-A.
The orc hits you.
The orc warrior hits you with a +3 trident!
The orc priest shouts!
The orc wizard casts a spell.
The orc wizard flickers and vanishes!
The orc warrior hits you with a +3 trident!
* * * LOW HITPOINT WARNING * * *
You climb upwards.
Reactivating autopickup.
There is a stone staircase leading down here.
Okay, then.
Unknown command.
Okay, then.
You feel very mighty all of a sudden.
The orc warrior hits you with a +3 trident!
You die...

......... ...###.# #.#.###.#
#8....8 8..# #.# #.#.#.... #....#
#..###.#######.#.#.#.# #
##....####..##..........#.#.#.#
8##8....8##8..##..######........#
..............##..## #.##..#..#
..............##...### #.##.###.#
.....[........##.o...# #.###.#.##
.......)......##@..#.###.# ##.##
8##8....8##8..##.........# #.###
##....####..####o#.##### #.##.
##.)..####..###....########.#..
8##8....8##8..#..................
..............###.o..########.#..
.......|......#....#.# #....
#####''###########o#.# ###.#
#.....##.##......# #.#


You could see 2 orc warriors.

Vanquished Creatures
  Edmund (D:4)
  Duvessa (D:4)
  Purgy (D:4)
  A sky beast (D:5)
  5 ogres
  A phantom (D:6)
  2 centaurs
  Dowan (D:4)
  A hound (D:5)
  2 orc priests
  4 orc wizards
  3 worker ants
  A hound zombie (D:6)
  5 adders
  3 shadow imps (D:6)
  An ooze (D:2)
  3 worms
  6 leopard geckos
  11 orcs
  5 giant cockroaches
  4 goblins
  2 hobgoblins
  6 kobolds
  A ball python skeleton (D:6)
  5 bats
  2 frilled lizards (D:5)
  2 leopard gecko zombies
  4 rats
84 creatures vanquished.

Notes
Turn   | Place    | Note
-------+----------+-------------------------------------------
     0 | D:1      | MisterFreud the Troll Hunter began the quest for the Orb.
     0 | D:1      | Reached XP level 1. HP: 19/19 MP: 0/0
    52 | D:1      | Reached skill level 1 in Unarmed Combat
   180 | D:1      | Reached XP level 2. HP: 27/27 MP: 1/1
   759 | D:2      | Reached skill level 2 in Unarmed Combat
   910 | D:2      | Reached XP level 3. HP: 33/33 MP: 2/2
   993 | D:2      | Reached skill level 3 in Unarmed Combat
  2075 | D:4      | Noticed Purgy
  2097 | D:4      | Killed Purgy
  2097 | D:4      | Reached skill level 4 in Unarmed Combat
  2097 | D:4      | Reached XP level 4. HP: 23/41 MP: 3/3
  2097 | D:4      | Reached XP level 5. HP: 27/48 MP: 4/4
  2138 | D:4      | Noticed Dowan
  2140 | D:4      | Noticed Duvessa
  2149 | D:4      | Killed Duvessa
  2149 | D:4      | Reached skill level 5 in Unarmed Combat
  2157 | D:4      | Killed Dowan
  2157 | D:4      | Reached skill level 6 in Unarmed Combat
  2157 | D:4      | Reached XP level 6. HP: 42/55 MP: 5/5
  2171 | D:4      | Noticed Edmund
  2175 | D:4      | Killed Edmund
  2237 | D:4      | Found a hazy altar of Hepliaklqana.
  2478 | D:4      | Reached skill level 7 in Unarmed Combat
  2604 | D:4      | Found an iron altar of Okawaru.
  2649 | D:4      | Found a bloodstained altar of Trog.
  2724 | D:5      | Entered Level 5 of the Dungeon
  2732 | D:5      | Noticed a sky beast
  2745 | D:5      | Killed a sky beast
  2745 | D:5      | Reached XP level 7. HP: 36/62 MP: 6/6
  2870 | D:5      | Found a glowing golden altar of the Shining One.
  3178 | D:5      | Found a hide-covered altar of Uskayaw.
  3181 | D:5      | Found an opulent altar of Gozag.
  3183 | D:5      | Found a shattered altar of Ashenzari.
  3223 | D:5      | Found a burning altar of Makhleb.
  3228 | D:5      | Found a shadowy altar of Dithmenos.
  3362 | D:5      | Found a sparkling altar of Nemelex Xobeh.
  3460 | D:6      | Reached XP level 8. HP: 54/70 MP: 7/7
  3630 | D:6      | Reached skill level 5 in Dodging
  4213 | D:7      | Found a radiant altar of Vehumet.
  4218 | D:6      | Slain by an orc warrior

Levels and vault maps discovered:
D:1:      lightli_arrival_flooded_house, layout_basic
D:2:      layout_basic
D:3:      layout_basic
D:4:      layout_gridville, kennysheep_little_box, kennysheep_mini_moat,
          lemuel_crystal_altar, first_ration, uniq_edmund, uniq_purgy,
          uniq_duvessa
D:5:      layout_cave_pools, old_standard_altar, nicolae_overflow_hidden_temple,
          nicolae_tso_carved_into_rock, abandoned_shop
D:6:      layout_loops_corners, lemuel_blue_sif_altar, grunt_ministairs_15,
          kennysheep_dice
D:7:      layout_loops_ring, cheibrodos_worm_habitat,
          minmay_temple_entry_statues_fountains, serial_shops,
          nicolae_shop_statue_plus, vehumet_altar_wand_db

Skill      XL: |  1  2  3  4  5  6  7  8 |
---------------+-------------------------+-----
Unarmed Combat | 1 2 4 6 7 |  7.3
Throwing       | 4 |  4.3
Dodging        | 2 4 6 |  6.4
Fighting       | |  1.5
Stealth        | |  0.3

Action                   |  1- 3 |  4- 6 |  7- 9 || total
-------------------------+-------+-------+-------++-------
Melee: Unarmed           |   103 |    30 |   153 ||   286
       Punch             |     2 |     1 |     4 ||     7
Throw: Large rock        |       |     1 |       ||     1
  Use: Scroll            |    10 |     2 |     3 ||    15
       Potion            |       |     1 |     1 ||     2
  Eat: Chunk             |    23 |     4 |    16 ||    43
Armor: Robe              |    47 |     9 |    27 ||    83
Dodge: Dodged            |    52 |     8 |    83 ||   143

Table legend:
 A = Non-vault XP
 B = Vault XP
 C = Vault XP percentage of total XP
 D = Non-vault monster count
 E = Vault monster count
 F = Vault count percentage of total count
                 A         B        C        D         E       F
            +---------+---------+-------+---------+---------+-------
      Total |    1476 |     783 |  34.7 |      77 |       7 |   8.3
            +---------+---------+-------+---------+---------+-------
        D:1 |      15 |       0 |   0.0 |       8 |       0 |   0.0
        D:2 |      52 |       0 |   0.0 |      17 |       0 |   0.0
        D:3 |      24 |       0 |   0.0 |      11 |       0 |   0.0
        D:4 |      49 |     525 |  91.5 |       3 |       4 |  57.1
        D:5 |     631 |       0 |   0.0 |      18 |       0 |   0.0
        D:6 |     705 |     258 |  26.8 |      20 |       3 |  13.0
            +---------+---------+-------+---------+---------+-------
